AoeStats
← MattAtArms

Arabia

504061514Analyzed
1v1 RM · 29d ago on Sep 3, 2026· 41m 1s· 2 players
Game mode
Random Map
Map size
Tiny (2 player)
Population
200
Speed
Normal
Resources
Standard
Victory
Conquest
Starting age
Dark Age
Ending age
Imperial Age
RankedLock teamsTeams togetherTeam positionsShared explorationLock speedFull tech treeHidden civsTurbo modeCheats
Victory
Defeat
🇬🇧 Aztecs · United Kingdom
1880
+9
🇪🇸 Vietnamese · Spain
1712
-9
MattAtArms
7:09 Loom
9:41 Feudal Age
9:50 Man-at-Arms
10:23 Double-Bit Axe
15:15 Fletching
20:47 Castle Age
19:08 Gold Mining
19:53 Horse Collar
20:15 Padded Archer Armor
21:11 Crossbowman
21:47 Bodkin Arrow
22:12 Bow Saw
24:01 Ballistics
26:02 Leather Archer Armor
26:51 Wheelbarrow
35:47 Imperial Age
33:03 Town Watch
33:50 Heavy Plow
34:21 Scale Mail Armor
34:31 Forging
35:29 Hand Cart
35:30 Chain Mail Armor
36:35 Iron Casting
36:10 Squires
35:56 Arson
37:13 Bracer
38:16 Chemistry
38:22 Plate Mail Armor
39:05 Blast Furnace
38:49 Conscription
38:32 Arbalester
40:56 Elite Jaguar Warrior
DS_cachivache
5:06 Loom
8:59 Feudal Age
9:28 Double-Bit Axe
9:24 Horse Collar
22:03 Castle Age
20:31 Fletching
20:51 Gold Mining
21:06 Padded Archer Armor
21:23 Bloodlines
21:27 Scale Barding Armor
22:41 Bodkin Arrow
23:01 Leather Archer Armor
22:31 Elite Skirmisher
25:45 Wheelbarrow
25:26 Bow Saw
25:19 Heavy Plow
26:32 Town Watch
30:59 Ballistics
33:47 Hand Cart
38:05 Imperial Age
38:55 Bracer
39:56 Chemistry
39:51 Hoardings
40:20 Leather Archer Armor
Connection lost

Rejoining the realm…

Still unreachable

The connection could not be restored.

Session expired

The server has moved on; the page needs a fresh start.